 Dungeon Crawl Stone Soup version 0.20-b1-24-gb21faa7 (webtiles) character file.

6 Gorglomux the Shield-Bearer (level 1, 0/11 HPs)
             Began as a Vine Stalker Fighter on May 25, 2017.
             Slain by a jackal (2 damage)
             ... on level 1 of the Dungeon.
             The game lasted 00:01:22 (255 turns).

Gorglomux the Shield-Bearer (Vine Stalker Fighter)   Turns: 255, Time: 00:01:23

Health: 0/11       AC:  6    Str: 18    XL:     1   Next: 90%
Magic:  0/2        EV:  7    Int:  8    God:
Gold:   7          SH:  9    Dex: 13    Spells: 0/0 levels left

rFire    . . .     SeeInvis .   a - +0 rapier
rCold    . . .     Gourm    .   c - +0 shield
rNeg     . . .     Faith    .   b - +0 scale mail
rPois    .         Spirit   +   (no helmet)
rElec    .         Reflect  .   (no cloak)
rCorr    .         Harm     .   (no gloves)
MR       .....                  (no boots)
Stlth    ..........             (no amulet)
Regen    0.1/turn               (no ring)
MPRegen  0.1/turn               (no ring)

@: no status effects
A: fangs 2, magic shield, antimagic bite, no potion heal 3, rot immunity
a: no special abilities


You were on level 1 of the Dungeon.
You were not hungry.

You visited 1 branch of the dungeon, and saw 1 of its levels.

You collected 7 gold pieces.

Inventory:

Hand Weapons
 a - a +0 rapier (weapon)
Armour
 b - a +0 scale mail (worn)
 c - a +0 shield (worn)
Potions
 d - a potion of might
 e - a potion of curing {unknown}
Comestibles
 f - a bread ration {@e1}
 g - a chunk of flesh {@w0}


   Skills:
 + Level 2.6 Fighting
 * Level 2.0 Short Blades
 + Level 2.4 Armour
 + Level 0.1 Dodging
 + Level 2.9 Shields


You couldn't memorise any spells.
You didn't know any spells.

Dungeon Overview and Level Annotations

Branches:
Dungeon (1/15)

Altars:


Innate Abilities, Weirdness & Mutations

You have extremely sharp teeth.
When hurt, damage is shared between your health and your magic reserves.
Your bite disrupts and absorbs the magic of your enemies.
Potions cannot restore your health.
You are immune to rotting.


Message History

You are too injured to fight recklessly!
You are too injured to fight recklessly!
You closely miss the hobgoblin. Your bite misses the hobgoblin.
The hobgoblin hits you but does no damage.
You closely miss the hobgoblin.
The hobgoblin hits you but does no damage.
You hit the hobgoblin.
The hobgoblin hits you but does no damage.
You hit the hobgoblin.
You kill the hobgoblin!
Things that are here:
a club; a hobgoblin corpse You butcher the hobgoblin corpse.
g - a chunk of flesh {@w0}
Things that are here:
a club; a hobgoblin skeleton A hobgoblin comes into view.
It is wielding a club.
The hobgoblin shouts!
The hobgoblin moves out of view.
The hobgoblin is too close now for your liking.
A hobgoblin is nearby!
You are too injured to fight recklessly!
A hobgoblin is nearby!
You are too injured to fight recklessly!
You are too injured to fight recklessly!
A hobgoblin is nearby!
You are too injured to fight recklessly!
You swing at nothing.
Your shield and scale mail prevent you from hitting the hobgoblin.
Your bite misses the hobgoblin. The hobgoblin closely misses you.
Your shield and scale mail prevent you from hitting the hobgoblin.
Your bite misses the hobgoblin.
The hobgoblin hits you but does no damage.
You hit the hobgoblin. Your bite misses the hobgoblin.
You block the hobgoblin's attack.
You puncture the hobgoblin!
You kill the hobgoblin!
You swing at nothing.
You swing at nothing.
You start resting.
You see here a club.
A dart slug comes into view.
A dart slug is nearby!
A dart slug is nearby!
The dart slug launches a dart at you. The slug dart misses you.
A dart slug is nearby!
The dart slug bites you but does no damage.
You hit the dart slug.
You bite the dart slug, but do no damage.
The dart slug launches a dart at you. The slug dart hits you!
You puncture the dart slug!
You kill the dart slug!
No target in view!
No target in view!
You see here 21 stones.
A hobgoblin and a kobold come into view.
The kobold shouts!
The hobgoblin shouts!
The kobold throws a stone.
The stone hits you but does no damage.
You see here a stone.
There are monsters nearby!
There are monsters nearby!
The kobold throws a stone.
You block the stone.
You see here a stone.
A kobold comes into view. It is wielding a club.
The kobold shouts!
You barely miss the hobgoblin. You block the hobgoblin's attack.
You closely miss the hobgoblin. The hobgoblin hits you with a club.
The kobold throws a stone.
The stone hits you.
You are too injured to fight recklessly!
The kobold throws a stone.
The stone completely misses you.
You see here a stone.
You see here a stone.
You closely miss the hobgoblin. You block the hobgoblin's attack.
You closely miss the hobgoblin. You bite the hobgoblin. You drain its power.
The hobgoblin hits you with a club.
You closely miss the hobgoblin.
The hobgoblin hits you but does no damage.
You barely miss the hobgoblin. You block the kobold's attack.
You block the hobgoblin's attack.
You completely miss the hobgoblin.
You bite the hobgoblin, but do no damage.
The kobold hits you but does no damage. You block the hobgoblin's attack.
A jackal comes into view.
Found a stone staircase leading down.
A jackal comes into view.
The kobold throws a stone.
The stone hits you but does no damage.
You see here a stone.
The kobold throws a stone.
The stone completely misses you.
You see here a stone.
You hit the kobold.
You kill the kobold!
Your Short Blades skill increases to level 2!
The jackal bites you.
You miss the jackal. You block the jackal's attack. The jackal bites you.
* * * LOW HITPOINT WARNING * * *
You barely miss the jackal. You bite the jackal, but do no damage.
The jackal bites you.
You die...

...#.##....#. .. #.
#........##..#.. ###.
#h.............. ##...
#.#.#...........
#....###)#..........#..
#.......>..#........ ..
.#........##g.....# ##
.......##(##..(...#
.......@hK........# #
##...#.##.....#...# ##
#.. ........#.#...#
###. .
............##..###...
#...###...#.(##........
#..## #......((.......#
#.. ...#..#....(...###
.. . #...###########
#... #...


You could see a jackal and a kobold.

Vanquished Creatures
  A dart slug (D:1)
  2 hobgoblins (D:1)
  A kobold (D:1)
4 creatures vanquished.

Notes
Turn   | Place    | Note
-------+----------+-------------------------------------------
     0 | D:1      | Gorglomux the Vine Stalker Fighter began the quest for the Orb.
     0 | D:1      | Reached XP level 1. HP: 11/11 MP: 2/2
   253 | D:1      | Reached skill level 2 in Short Blades
   254 | D:1      | HP: 2/11 [jackal (2)]
   255 | D:1      | Slain by a jackal

Skill      XL: |  1 |
---------------+----+-----
Short Blades   | 2 |  2.0
Fighting       | |  2.6
Armour         | |  2.4
Dodging        | |  0.1
Shields        | |  2.9

Action                   || total
-------------------------++-------
Melee: Rapier            ||    23
       Bite              ||     4
Armor: Scale mail        ||     7
Dodge: Dodged            ||     4
Block: Shield            ||     9

Vault maps used:
D:1:      eino_arrival_water_cross, serial_curves, eino_curves_04,
          eino_curves_02, grunt_decor_resistance, corexii_hall_statues_l

Table legend:
 A = Turns spent in this place as a percentage of turns spent in the entire game.
 B = Non-inter-level travel turns spent in this place as a percentage of non-inter-level travel turns spent in the entire game.
 C = Inter-level travel turns spent in this place as a percentage of turns spent in this place.
 D = Turns resting spent in this place as a percentage of non-inter-level travel turns spent in this place.
 E = Turns spent auto-exploring this place as a percentage of non-inter-level travel turns spent in this place.
 F = Non-inter-level travel turns spent in this place divided by the number of levels of this place that you've seen.
                   A       B       C       D       E      F
               +-------+-------+-------+-------+-------+----------------------
         Total | 100.0 | 100.0 |   0.0 |   2.4 |   8.5 |  82.0
       Dungeon | 100.0 | 100.0 |   0.0 |   2.4 |   8.5 |  82.0
               +-------+-------+-------+-------+-------+----------------------

Table legend:
 A = Kills in this place as a percentage of kills in entire the game.
 B = Kills by you in this place as a percentage of kills by you in the entire game.
 C = Kills by friends in this place as a percentage of kills by friends in the entire game.
 D = Other kills in this place as a percentage of other kills in the entire game.
 E = Experience gained in this place as a percentage of experience gained in the entire game.
 F = Experience gained in this place divided by the number of levels of this place that you have seen.
                   A       B       C       D       E      F
               +-------+-------+-------+-------+-------+----------------------
         Total | 100.0 | 100.0 |  -nan |  -nan | 100.0 |   9.0
       Dungeon | 100.0 | 100.0 |  -nan |  -nan | 100.0 |   9.0
               +-------+-------+-------+-------+-------+----------------------
